[Event "ØBRO 75 år & KM"]
[Site "?"]
[Date "2011.10.17"]
[Round "4"]
[White "Nielsen, Steffen Slumstrup"]
[Black "Bekker-Jensen, Simon"]
[Result "0-1"]
[WhiteElo "2190"]
[BlackElo "2409"]
[PlyCount "76"]
[EventDate "2011.??.??"]
[TimeControl "7200"]
[WhiteClock "0:00:00"]
[BlackClock "0:00:20"]

1. e4 c5 2. Nf3 d6 3. d4 Nf6 4. Nc3 cxd4 5. Nxd4 a6 6. Bg5 Nbd7 7. f4 Qc7 8.
Qf3 h6 9. Bxf6 Nxf6 10. Bd3 g6 11. h3 Bg7 12. O-O-O O-O 13. g4 e5 14. Nde2 exf4
15. Nxf4 Qc5 16. Rhf1 Be6 17. Kb1 Qe5 18. Rf2 b5 19. Nfd5 Bxd5 20. exd5 b4 21.
Re2 Qd4 22. Na4 Nd7 23. Re4 Qxd5 24. Bc4 Qc6 25. Bb3 Ne5 26. Qe2 a5 27. h4 Kh8
28. h5 g5 29. Bd5 Qxa4 30. Bxa8 Rxa8 31. Rxd6 Qe8 32. Qd1 Qe7 33. Qd5 Rc8 34.
Re1 Qc7 35. Re2 Qc4 36. Qd1 Qxg4 37. Qe1 Nc4 38. Re4 Qf5 0-1